 Dungeon Crawl Stone Soup version 0.25.1-2-g60ff931df9 (webtiles) character file.

Game seed: 797628158941775125

53 Delamore the Skirmisher (level 3, 0/24 HPs)
             Began as a Gargoyle Fighter on Oct 14, 2020.
             Slain by a frilled lizard (2 damage)
             ... on level 2 of the Dungeon.
             The game lasted 00:00:52 (1034 turns).

Delamore the Skirmisher (Gargoyle Fighter)          Turns: 1034, Time: 00:00:52

Health: 0/24       AC: 10    Str: 20    XL:     3   Next: 89%
Magic:  3/3        EV:  7    Int:  8    God:
Gold:   36         SH:  9    Dex:  9    Spells: 2/2 levels left

rFire    . . .     SeeInvis .   a - +0 flail
rCold    . . .     Gourm    .   c - +0 kite shield
rNeg     + + .     Faith    .   b - +0 scale mail
rPois    ∞         Spirit   .   (no helmet)
rElec    +         Reflect  .   (no cloak)
rCorr    .         Harm     .   (no gloves)
MR       .....                  (no boots)
Stlth    ..........             (no amulet)
HPRegen  0.08/turn              i - ring of positive energy
MPRegen  0.08/turn              (no ring)

@: no status effects
A: negative energy resistance 1, electricity resistance, unbreathing,
petrification resistance, rot immunity, AC +3
a: no special abilities


You were on level 2 of the Dungeon.
You were not hungry.

You visited 1 branch of the dungeon, and saw 2 of its levels.

You collected 36 gold pieces.

Inventory:

Hand Weapons
 a - a +0 flail (weapon)
Armour
 b - a +0 scale mail (worn)
 c - a +0 kite shield (worn)
Jewellery
 i - a ring of positive energy (left hand)
Scrolls
 g - a scroll of immolation {unknown}
 j - a scroll of remove curse {unknown}
 k - a scroll of enchant armour {unknown}
 m - a scroll of teleportation {unknown}
 n - a scroll of identify {unknown}
Potions
 d - a potion of might
 e - a potion of stabbing {unknown}
 l - a potion of flight {unknown}
 o - a potion of curing {unknown}
Comestibles
 f - 4 rations
 h - 4 chunks of flesh


   Skills:
 + Level 4.0 Fighting
 + Level 2.8 Maces & Flails
 - Level 3.2 Armour
 + Level 4.0 Shields


You had 2 spell levels left.
You didn't know any spells.
Your spell library was empty.

Dungeon Overview and Level Annotations

Branches:
Dungeon (2/15)

Altars:


Innate Abilities, Weirdness & Mutations

You are resistant to torment.
Your stone body is resilient. (AC +3)
You are immune to poison.
You resist negative energy. (rN+)
You are resistant to electric shocks. (rElec)
You can survive without breathing.
You are immune to petrification.
You are immune to rotting.


Message History

You block the frilled lizard's attack. You block the kobold's attack.
The goblin hits you but does no damage. The quokka completely misses you.
The frilled lizard hisses.
The frilled lizard closely misses you. The kobold barely misses you.
You closely miss the quokka. The goblin hits you but does no damage.
The quokka bites you but does no damage.
The frilled lizard barely misses you. You block the kobold's attack.
You barely miss the quokka. You block the quokka's attack.
You block the goblin's attack. The frilled lizard bites you.
* * * LOW HITPOINT WARNING * * *
The kobold hits you but does no damage. The quokka bites you.
* * * LOW HITPOINT WARNING * * *
You barely miss the quokka. You block the goblin's attack.
The frilled lizard bites you but does no damage.
The kobold barely misses you. The quokka bites you.
* * * LOW HITPOINT WARNING * * *
You block the goblin's attack.
You barely miss the quokka. You block the quokka's attack.
The frilled lizard bites you.
You die...

#........# ###.......
#........# #....#..#..
#........# ..####..#..
..........# . #<....
..........## #.....
...........## #.....
.....###.#lg# ........
..... ...##r# ##......
......##..#@# #.....##
....#.....lKg............##
. #####..b.............
#........... ..
#........... .........$..
###.......... #####......


You could see a quokka, 2 goblins, a bat, a kobold and 2 frilled lizards.

Vanquished Creatures
  2 adders (D:2)
  A dart slug (D:1)
  2 leopard geckos
  2 giant cockroaches
  8 goblins (D:1)
  2 hobgoblins (D:1)
  2 ball pythons (D:1)
  2 bats
  3 kobolds (D:1)
  6 rats
30 creatures vanquished.

Notes
Turn   | Place    | Note
-------+----------+-------------------------------------------
     0 | D:1      | Delamore the Gargoyle Fighter began the quest for the Orb.
     0 | D:1      | Reached XP level 1. HP: 14/14 MP: 1/1
   152 | D:1      | Reached XP level 2. HP: 19/19 MP: 2/2
   434 | D:1      | Reached XP level 3. HP: 22/24 MP: 3/3
  1034 | D:2      | Slain by a frilled lizard

Illustrated notes

Levels and vault maps discovered:
D:1:      scummos_arrival_simple_crosswalls, layout_basic
D:2:      layout_rooms, old_standard_altar, first_ration, hangedman_decor_push,
          nrook_campfire

Skill      XL: |  1  2  3 |
---------------+----------+-----
Fighting       | 4 |  4.0
Shields        | 4 |  4.0
Maces & Flails | |  2.8
Armour         | |  3.2

Action                   || total
-------------------------++-------
Melee: Flail             ||   148
  Eat: Chunk             ||     1
Armor: Scale mail        ||   109
Dodge: Dodged            ||    78
Block: Kite shield       ||   122
